Cogmind - Beta 14 @@@ ROGUE MODE // 2024.10.25 @ 15:50:32 Player: Kate+Gabe4evr Result: Destroyed by H-61 Shepherd with Heavy Assault Cannon Performance ------------- Evolutions (2) 1000 Regions Visited (3) 600 Robots Destroyed (51) 255 Value Destroyed (1554) 1554 Prototype IDs (0) 0 Alien Tech Used (0) 0 Bonus (103) 103 TOTAL SCORE: 3512 Bonus ------- High Alert Combat Kills 103 Cogmind --------- Core Integrity 0/550 Matter 300/300 Energy 100/100 System Corruption 0% Temperature Warning (326) Movement Core (50) Location -8/Materials Parts ------- > --- POWER (1) -------- (None) > --- PROPULSION (3) --- (None) > --- UTILITY (5) ------ Improved Targeting Computer > --- WEAPON (2) ------- (None) > --- INVENTORY (5) ---- Improved Ion Engine Light Nuclear Core Aluminum Leg Aluminum Leg Katana Peak State ------------ > --- POWER ------------ Nuclear Core > --- PROPULSION ------- Carbon-fiber Leg Titanium Leg Titanium Leg > --- UTILITY ---------- Visual Processing Unit Improved Targeting Computer Improved Targeting Computer Improved Targeting Computer Hardened Light Armor Plating > --- WEAPON ----------- Heavy Laser Gauss Rifle > --- INVENTORY -------- Improved Ion Engine Light Nuclear Core Aluminum Leg Aluminum Leg Katana [Rating: 31] Favorites ----------- Power Ion Engine Engine Ion Engine Power Core Nuclear Core Propulsion Aluminum Leg Leg Aluminum Leg Utility Improved Targeting Computer Storage Small Storage Unit Processor Improved Targeting Computer Protection Hardened Light Armor Plating Weapon Autogun Energy Gun Heavy Laser Ballistic Gun Autogun Build | -11 -10 -9 -8 ------- Run | Yrd Mat Mat Mat Slots Evolved 4 | . . 2 2 Power . | . . . . Propulsion 1 | . . . 1 Utility 3 | . . 2 1 Weapon . | . . . . Parts Attached 45 | 6 1 19 19 Power 6 | 1 . 4 1 Engine 4 | 1 . 3 . Core 2 | . . 1 1 Reactor . | . . . . Propulsion 20 | 2 1 6 11 Treads . | . . . . Leg 20 | 2 1 6 11 Wheel . | . . . . Hover . | . . . . Flight . | . . . . Utility 9 | 1 . 4 4 Device . | . . . . Storage 1 | 1 . . . Processor 5 | . . 3 2 Hackware . | . . . . Protection 3 | . . 1 2 Artifact . | . . . . Weapon 10 | 2 . 5 3 Energy Gun 1 | . . . 1 Energy Cannon . | . . . . Ballistic Gun 9 | 2 . 5 2 Ballistic Cannon . | . . . . Launcher . | . . . . Special Weapon . | . . . . Impact Weapon . | . . . . Slashing Weapon . | . . . . Piercing Weapon . | . . . . Special Melee Weapon . | . . . . Unidentified Prototypes . | . . . . Parts Lost 21 | . . 8 13 Power 2 | . . 1 1 Propulsion 6 | . . 2 4 Utility 7 | . . 1 6 Weapon 6 | . . 4 2 Highest Loss Streak 10 | . . 6 10 To Critical Strikes 1 | . . 1 . Average Slot Usage (%) 89 | . 85 80 97 Engine 4 | . 14 6 . Core 5 | . . 3 9 Leg 24 | . 28 21 26 Storage 9 | . 14 11 5 Processor 21 | . . 17 33 Protection 2 | . . . 4 Energy Gun 1 | . . . 2 Ballistic Gun 18 | . 28 19 14 Peak Build Rating 31 | 6 6 17 31 Average Rating 15 | 4 6 10 24 On Entrance 7 | . 6 6 17 Naked Turns . | . . . . Heaviest Build 24 | 13 13 16 24 Greatest Support 49 | 20 20 23 49 Greatest Overweight (x) 2 | . . 2 1 Average Overweight (x) . | . . . . Largest Inventory Capacity 8 | 8 8 8 8 Average Capacity 7 | 6 8 8 7 Most Carried 8 | 1 4 8 8 Average Carried 5 | . 2 6 6 Final Capacity 8 | 8 8 8 5 Final Carried 8 | 1 4 8 5 Class Distribution -------------------- 88% | Mutant 11% | Scavenger-Mutant Dominant Class ---------------- Mutant | -10/Materials Mutant | -9/Materials Mutant | -8/Materials Resources | -11 -10 -9 -8 ----------- Run | Yrd Mat Mat Mat Matter Collected 1472 | 142 62 560 708 Remotely . | . . . . Salvage Created 1968 | . 194 884 890 Parts 107 | . 9 52 46 Haulers Intercepted . | . . . . Recyclers Shooed 7 | . 1 3 3 Parts Field Recycled . | . . . . Retrieved Matter . | . . . . Parts Self-Destructed . | . . . . Prevented . | . . . . Kills | -11 -10 -9 -8 ------- Run | Yrd Mat Mat Mat Combat Hostiles Destroyed 46 | . 3 24 19 Guns 46 | . 3 24 19 Classes Destroyed 9 | . 3 2 4 Worker 1 | . 1 . . Recycler 2 | . 1 1 . Mechanic 1 | . . . 1 Watcher 1 | . . . 1 Swarmer 14 | . . 10 4 Grunt 21 | . 3 10 8 Duelist 2 | . . . 2 Sentry 7 | . . 4 3 Hunter 2 | . . . 2 Best Kill Streak 9 | . 5 9 4 Combat Bots Only 7 | . 3 7 4 Max Kills in Single Turn 1 | . 1 1 1 Gunslinging . | . . . . Exploded . | . . . . Melee . | . . . . Uniques/NPCs Destroyed . | . . . . Combat | -11 -10 -9 -8 -------- Run | Yrd Mat Mat Mat Hostile Shots Fired 317 | . 24 142 151 Missed 88 | . 6 33 49 Damage Taken 3368 | . 195 1312 1861 Core 984 | . 66 343 575 Absorbed by Shields . | . . . . Core Remaining (%) 62 | 100 73 14 . Volleys Fired 174 | . 16 84 74 Largest 2 | . 2 2 2 Hottest 97 | . 40 46 97 Shots Fired 305 | . 32 130 143 Gun 305 | . 32 130 143 Cannon . | . . . . Launcher . | . . . . Special . | . . . . Kinetic 281 | . 32 130 119 Thermal 24 | . . . 24 Explosive . | . . . . Electromagnetic . | . . . . Robot Hit Streak 24 | . 7 12 24 Robot Miss Streak 3 | . 2 3 3 Penetration Max 1 | . . . 1 Secondary Targets 7 | . 2 1 4 Max Gunslinging Chain 1 | . 1 1 1 Shots Hit Robots 235 | . 23 91 121 Core Hits 87 | . 9 35 43 Critical Kills 2 | . . . 2 Critical Parts Destroyed 1 | . . . 1 Critical Strikes 3 | . . . 3 Destroy 3 | . . . 3 Melee Attacks . | . . . . Impact . | . . . . Slashing . | . . . . Piercing . | . . . . Sneak Attacks . | . . . . Combat Hostiles . | . . . . Follow-up Attacks . | . . . . Damage Inflicted 3615 | . 249 1295 2071 Guns 3614 | . 249 1294 2071 Cannons . | . . . . Explosions . | . . . . Melee . | . . . . Ramming 1 | . . 1 . Kinetic 3217 | . 249 1294 1674 Thermal 397 | . . . 397 Explosive . | . . . . Electromagnetic . | . . . . Impact . | . . . . Slashing . | . . . . Piercing . | . . . . Highest Corruption . | . . . . Average Corruption . | . . . . Corruption Purged . | . . . . Corruption Blocked . | . . . . Overload Shots . | . . . . Overflow Damage . | . . . . Projectiles . | . . . . Explosions . | . . . . Melee . | . . . . Knockbacks . | . . . . Impact . | . . . . Kinetic . | . . . . Secondary . | . . . . Self-Inflicted Damage . | . . . . Shots . | . . . . Rammed . | . . . . Targets Rammed 2 | . 1 1 . Kicked 2 | . 1 1 . Crushed . | . . . . Highest Temperature 423 | . 18 19 423 Average Temperature 71 | . 8 5 92 Received Heat Transfer 1014 | . 108 519 387 Effects 1 | . . . 1 Interference 1 | . . . 1 Siege Activations . | . . . . Robots Corrupted . | . . . . Combat Hostiles . | . . . . Parts Fried . | . . . . Impact Corruptions . | . . . . Robots Melted . | . . . . Combat Hostiles . | . . . . Parts Melted . | . . . . Heat Transferred 777 | . . . 777 Parts Sabotaged . | . . . . Parts Stolen . | . . . . Parts Stripped . | . . . . Power Chain Reactions . | . . . . Alert | -11 -10 -9 -8 ------- Run | Yrd Mat Mat Mat Peak Influence 551 | . 125 491 551 Initial 183 | . . 52 183 Average 260 | . 47 271 357 Maximum Alert Level 2 | . . 2 2 Low Security (%) 34 | 100 100 32 5 Level 1 46 | . . 45 69 Level 2 18 | . . 22 24 Level 3 . | . . . . Level 4 . | . . . . Level 5 . | . . . . High Security . | . . . . Max Security . | . . . . Squads Dispatched 8 | . 2 3 3 Investigation 1 | . . 1 . Extermination . | . . . . Reinforcement 7 | . 2 2 3 Assault . | . . . . Garrison . | . . . . Intercept . | . . . . Searches Triggered . | . . . . Construction Impeded . | . . . . Haulers Reinforced . | . . . . Active Scanning Responses . | . . . . Cargo Convoy Interrupts . | . . . . Stealth | -11 -10 -9 -8 --------- Run | Yrd Mat Mat Mat Distress Signals 4 | . . 1 3 Communications Jammed . | . . . . Distress Signals . | . . . . Times Spotted 80 | . 10 32 38 Peak Tracking Total 11 | . 5 6 11 Tactical Retreats 2 | . . . 2 Traps | -11 -10 -9 -8 ------- Run | Yrd Mat Mat Mat Traps Triggered 3 | . . 1 2 Indirectly . | . . . . Trap Hack Attempts . | . . . . Triggered . | . . . . Disarmed . | . . . . Reprogrammed . | . . . . Reused . | . . . . Traps Extracted . | . . . . Installed . | . . . . Triggered . | . . . . Machines | -11 -10 -9 -8 ---------- Run | Yrd Mat Mat Mat Machines Disabled 1 | . . . 1 Max in Single Turn 1 | . . . 1 Garrison Access 1 | . . . 1 Machines Repaired . | . . . . Machines Dismantled . | . . . . Machines Sabotaged . | . . . . Overloaded Fab Kills . | . . . . Hacking | -11 -10 -9 -8 --------- Run | Yrd Mat Mat Mat Machines Accessed 4 | . 1 1 2 Terminals 3 | . 1 1 1 Fabricators . | . . . . Repair Stations . | . . . . Recycling Units . | . . . . Scanalyzers . | . . . . Garrison Access 1 | . . . 1 Total Hacks 6 | . 2 2 2 Successful 4 | . 1 1 2 Failed 2 | . 1 1 . Catastrophic . | . . . . Database Lockouts . | . . . . Manual 4 | . 2 2 . Terminals 5 | . 2 2 1 Fabricators . | . . . . Repair Stations . | . . . . Recycling Units . | . . . . Scanalyzers . | . . . . Garrison Access 1 | . . . 1 Terminal Hacks 1 | . . . 1 Zone Layout 1 | . . . 1 Fabricator Hacks . | . . . . Repair Station Hacks . | . . . . Recycling Unit Hacks . | . . . . Scanalyzer . | . . . . Garrison Access Hacks 1 | . . . 1 Seal Access 1 | . . . 1 Unauthorized Hacks 2 | . 1 1 . Terminals 2 | . 1 1 . Botnet 2 | . 1 1 . Fabricators . | . . . . Repair Stations . | . . . . Recycling Units . | . . . . Scanalyzers . | . . . . Garrison Access . | . . . . Data Cores Recovered . | . . . . Used . | . . . . Hacking Detections 2 | . . 1 1 Full Trace Events . | . . . . Feedback Events . | . . . . Feedback Blocked . | . . . . Robot Schematics Acquired . | . . . . Robots Built . | . . . . Authchips . | . . . . Time . | . . . . Total Robot Build Rating . | . . . . Part Schematics Acquired . | . . . . Parts Built . | . . . . Authchips . | . . . . Time . | . . . . Total Part Build Rating . | . . . . Parts Repaired . | . . . . Time . | . . . . Parts Recycled . | . . . . Recycled Matter . | . . . . Retrieved Matter . | . . . . Retrieved Components . | . . . . Parts Scanalyzed . | . . . . Part Schematics Acquired . | . . . . Parts Damaged . | . . . . Bothacking | -11 -10 -9 -8 ------------ Run | Yrd Mat Mat Mat Used RIF Installer . | . . . . Robots Hacked . | . . . . Non-combat . | . . . . Combat . | . . . . Robot Hacks Applied . | . . . . Relay Couplers Released . | . . . . Fabnet Peak Effective % . | . . . . Robots Rewired . | . . . . Allies Hacked . | . . . . Hacks Repelled . | . . . . Allies | -11 -10 -9 -8 -------- Run | Yrd Mat Mat Mat Total Allies . | . . . . Largest Group . | . . . . Highest-Rated Group . | . . . . Highest-Rated Ally . | . . . . Total Orders . | . . . . Ally Attacks . | . . . . Total Damage . | . . . . Kills . | . . . . Allies Corrupted . | . . . . Allies Melted . | . . . . Intel | -11 -10 -9 -8 ------- Run | Yrd Mat Mat Mat Robot Analysis Total . | . . . . Derelict Logs Recovered . | . . . . Drone Launches . | . . . . Drone Recoveries . | . . . . Exploration | -11 -10 -9 -8 ------------- Run | Yrd Mat Mat Mat Turns Passed 1715 | 66 297 581 771 Spaces Moved 895 | 51 159 267 418 Core 8 | 7 . 1 . Treads . | . . . . Legs 887 | 44 159 266 418 Wheels . | . . . . Hover . | . . . . Flight . | . . . . Fastest Speed 50 | 50 120 120 120 Average Speed 121 | 110 120 120 123 Slowest Speed 200 | 120 120 150 200 Overloaded Moves . | . . . . Propulsion Burnouts . | . . . . Robots Hopped . | . . . . Cave-ins Triggered . | . . . . Exploration Rate (%) 30 | 4 37 37 44 Regions Visited 3 Branch Regions . Pre-discovered Areas . | . . . . Known Exits Taken . | . . . . Unknown Exits Taken 3 | 1 1 1 . Scrap Searched . | . . . . Spaces Dug . | . . . . Terrain Destroyed . | . . . . Melee . | . . . . Projectile . | . . . . AOE . | . . . . Terrain Rammed . | . . . . Walls Destroyed . | . . . . Machines Disabled . | . . . . Actions | -11 -10 -9 -8 --------- Run | Yrd Mat Mat Mat Total 1241 | 57 235 403 546 Wait 94 | . 57 19 18 Move 892 | 50 158 266 418 Hop . | . . . . Pick Up 14 | 1 2 5 6 Fast Attach 24 | 6 . 11 7 Attach 4 | . . . 4 Detach . | . . . . Swap 17 | . 1 8 8 Drop 20 | . . 9 11 Fire 174 | . 16 84 74 Melee . | . . . . Ram . | . . . . Kick 2 | . 1 1 . Crush . | . . . . Escape Stasis . | . . . . Rewire . | . . . . Trap . | . . . . Miscellaneous . | . . . . Route ------- -11/Scrapyard -10/Materials (discovered 2 exits: *Mat / [*Min]) -9/Materials -8/Materials (discovered 1 exit: [*Fac]) History --------- Turn | Location | Event 6 | -11/Scrapyard | Discovered new exit (range 16) 67 | -11/Scrapyard | Entered Materials 301 | -10/Materials | Build established: Mutant 310 | -10/Materials | Discovered new exit (range 7) 346 | -10/Materials | Discovered new exit (range 16) 364 | -10/Materials | Entered another Materials area 364 | -9/Materials | Evolved 2 slots: Utility x2 585 | -9/Materials | Core integrity fell below 50% 611 | -9/Materials | Lost 6 parts (1p2n1u2w) 614 | -9/Materials | Destroyed 7 combat bots 858 | -9/Materials | Core integrity fell below 20% 914 | -9/Materials | Discovered new exit (range 16) 945 | -9/Materials | Entered another Materials area 945 | -8/Materials | Evolved 2 slots: Propulsion x1, Utility x1 1378 | -8/Materials | Discovered new exit (range 5) 1684 | -8/Materials | Core integrity fell below 50% 1714 | -8/Materials | Core integrity fell below 20% 1716 | -8/Materials | Destroyed by H-61 Shepherd with Heavy Assault Cannon Last Messages --------------- 01699_ M-13 Machinist destroyed. 01700_ Knocked back. 01700_ K-01 Serf collects debris. 01707_ Knocked back. 01707_ K-01 Serf collects debris. 01708_ Acquired 2 matter. 01708_ Carbon-fiber Leg destroyed. 01708_ Gauss Rifle destroyed. 01709_ Titanium Leg destroyed. 01709_ Hrd. Light Armor Plating destroyed. 01709_ Critical hit (Blast). 01709_ Knocked back. 01709_ Titanium Leg destroyed. 01710_ Hvy. Laser destroyed. 01710_ Imp. Targeting Computer destroyed. 01712_ Nuclear Core destroyed. 01712_ K-01 Serf collects debris. 01714_ Overheating: System interference. 01714_ Imp. Targeting Computer temporarily disabled. 01716_ K-01 Serf collects debris. Map ----- +----------------------------------------------------+ | ???????????????????????????????????# = | | ???????????????????????????????????# ######### | | ?????????????????????????????######## ##???????? | | ?????????????????????????????# * # #??####### | | ?????????????????????????????# # #?# | | ?????????????????????????????# "" + #?#! | | ?????????????????????????????# "T # #?# """ | | ?????????????????????????????# "" # #?# """ | | ?????????????????????????????# ?# ^ #?# ] """ | | ?????????????????????????????######?# ^ #?# | | ????????????????????????????????????# #?# ! | | ????????????????????????????????????# #?######## | | ????????????????????????????????????# #????????? | | ????????????????????????????????????# #????????? | | ????????????????????????????????????# #????????? | | ????????????????????????????????????# #????????? | | ????????????????????????????????????# #????????? | | ????????????????????????????????????# =#????????? | | ????????????? ??????????????????????# #????????? | | ?????????????? ????????????????????# %#????????? | | ???????????????? ??????????????????# #????????? | | ???????????????### ################## #?###+###? | | ??????????????## g s %### ## | | ?????????????#"" gg % x %sr % | | ?????????????#"Y ^ uT r %x kr s | | ?????????????#"" ^ @ %H %%! | | ???????????????# ###;;##;########## ## | | ???????????????# ?????# #??????## ##? | | ???????????????# ??????# #???????? #?? | | ???????????????# ??????# * #???????? #?? | | ???????????????# ???????# #???????? #?? | | ???????????????# """ ???????# #????????? #?? | | ???????????????# """ ????????# #????????? ?? | | ???????????????# """ ????????# !! #????????? ? | | ?????????????????? ?????????# !! #????????? ? | | ??????????????????? ?????????# !! #?????????? ! | | ???????????????????"??????????######?????????? [ | | ???????????????????"?????????????????????????? [ | | ?????????????????????????????????????????????? ### | | ???????????????????????????????????????????????#?? | | ?????????????????????????????????????????????????? | | ?????????????????????????????????????????????????? | | ?????????????????????????????????????????????????? | | ?????????????????????????????????????????????????? | | ?????????????????????????????????????????????????? | | ?????????????????????????????????????????????????? | | ?????????????????????????????????????????????????? | | ?????????????????????????????????????????????????? | | ?????????????????????????????????????????????????? | | ?????????????????????????????????????????????????? | +----------------------------------------------------+ Best States ------------- Heat Dissipation 31 Energy Generation 14 Energy Capacity 250 Matter Stores 300 Matter Capacity 300 Sight Range 18 Terrain Scan Density 10 Armor Coverage 150 Evasion (%) 55 Targeting Accuracy 18 Item Schematics ----------------- None Robot Schematics ------------------ None Fabricated ------------ Nothing Alien Tech Used ----------------- None Achievements -------------- None Challenges ------------ None Game ------ Seed ThermalDisassembledBarrier Manual? 0 Play Time 00:14:14 Cumulative 48.5 hours Start 2024.10.25 @ 15:38:22 End 2024.10.25 @ 15:50:32 Sessions 1 Manual Loads 0 Difficulty Rogue Special Mode None Game No. 85 Rogue 85 Adventurer 0 Explorer 0 Win Type - Total 1 Types 1/0/0/0/0/0/0/0/0 Lore% 33 Gallery% 47 Achievement% 41 Wizard Run 0 Options --------- Layout 0 ASCII 0 Keyboard 1 Movement Numpad Keybinds 0 Fullscreen 2 Font 24/Terminus Map View 76x50 Zoom Use 0% Tactical HUD 1 Map Filters NONE Filters NONE Steam 1 RUN: 002cda19-f2ec-4698-9469-9e3e8f3f8f81